 Dungeon Crawl Stone Soup version 0.25-a0-458-g6fc7858b95 (webtiles) character file.

Game seed: 10667226527506314630, levelgen mode: deterministic

1500 Error4North the Cleaver (level 8, -17/68 HPs)
             Began as a Hill Orc Fighter on Feb 1, 2020.
             Was a Believer of Okawaru.
             Killed from afar by Maggie (25 damage)
             ... with a bolt of fire
             ... on level 6 of the Dungeon.
             The game lasted 00:21:36 (6548 turns).

Error4North the Cleaver (Hill Orc Fighter)          Turns: 6548, Time: 00:21:36

Health: -17/68     AC: 13    Str: 26    XL:     8   Next: 81%
Magic:  12/12      EV:  5    Int:  8    God:    Okawaru [**....]
Gold:   226        SH: 11    Dex: 10    Spells: 12/12 levels left

rFire    . . .     SeeInvis .   a - +0 war axe
rCold    . . .     Gourm    .   c - +0 shield
rNeg     + . .     Faith    .   q - +0 plate armour
rPois    .         Spirit   .   (no helmet)
rElec    .         Reflect  .   s - scarf {repulsion}
rCorr    .         Harm     .   (no gloves)
MR       .....                  (no boots)
Stlth    ..........             (no amulet)
HPRegen  0.21/turn              m - ring of positive energy
MPRegen  0.13/turn              (no ring)

@: mighty, flying, mesmerised, repel missiles
A: no striking features
a: Heroism, Renounce Religion


You were on level 6 of the Dungeon.
You worshipped Okawaru.
Okawaru was pleased with you.
You were hungry.

You visited 2 branches of the dungeon, and saw 7 of its levels.

You collected 226 gold pieces.

Inventory:

Hand Weapons
 a - a +0 war axe (weapon)
 r - a +1 mace of holy wrath
Missiles
 t - 3 boomerangs (quivered)
Armour
 c - a +0 shield (worn)
 l - a +0 cloak
 q - a +0 plate armour (worn)
 s - a scarf of repulsion (worn)
Jewellery
 e - an uncursed ring of protection from fire {unknown}
 m - a ring of positive energy (left hand)
 u - a +4 ring of protection {unknown}
Wands
 o - a wand of enslavement (7)
Scrolls
 b - 7 scrolls of remove curse {unknown}
 d - a scroll of immolation {unknown}
 h - 8 scrolls of identify
 i - a scroll of fog {unknown}
 j - a scroll of amnesia {unknown}
 k - 2 scrolls of teleportation {unknown}
 n - 3 scrolls of enchant weapon {unknown}
 p - a scroll of blinking {unknown}
Comestibles
 f - 13 rations


   Skills:
 + Level 5.2 Fighting
 + Level 8.0 Axes
 + Level 0.3 Throwing
 * Level 6.6 Armour
 + Level 0.6 Dodging
 * Level 6.2 Shields
 * Level 2.8 Spellcasting


You had 12 spell levels left.
You didn't know any spells.
Your spell library was empty.

Dungeon Overview and Level Annotations

Branches:
Dungeon (6/15)             Temple (1/1) D:4

Altars:
Ashenzari
Cheibriados
Dithmenos
Fedhas
Gozag
Makhleb
Okawaru
Qazlal
Ru
Sif Muna
Trog
Uskayaw
Wu Jian
Yredelemnul
Zin

Annotations:
D:6 Maggie


Message History

* * * LOW HITPOINT WARNING * * *
It was a potion of flight.
You feel very buoyant.
You fly up into the air.
Maggie hits you but does no damage.
You writhe in agony.
* * * LOW HITPOINT WARNING * * *
You hit Maggie.
Maggie is lightly wounded.
Maggie hits you with a +0 halberd of pain.
* * * LOW HITPOINT WARNING * * *
You writhe in agony.
* * * LOW HITPOINT WARNING * * *
You feel very mighty all of a sudden. You block Maggie's attack.
Unknown command.
You closely miss Maggie.
Maggie is lightly wounded.
Maggie casts a spell at you. The bolt of fire hits you!!
You die...

.#....#### ..................
..<...# .(.......# ......#
.........# ### .###### ....%....#
.... .# .........# #.... .#
.........##..... .# .......@....#
## .......)@.# #### ..........#
###..# .........## ....##
####.....#
.#############...#######
......##...............## #####
#.....##.<[....###.###..#####...#
#.....##........##.###..........#
#.....#########.##..##.......####


You could see Maggie.

Vanquished Creatures
  A sky beast (D:6)
  7 ogres
  2 centaurs
  A crimson imp (D:5)
  3 hounds
  An orc priest (D:3)
  Crazy Yiuf (D:4)
  5 orc wizards
  Natasha (twice) (D:3)
  A worker ant (D:5)
  Robin (D:2)
  4 gnolls (D:3)
  10 adders
  3 shadow imps (D:5)
  3 worms
  5 dart slugs
  3 leopard geckos
  9 orcs
  5 giant cockroaches
  7 hobgoblins
  2 jackals (D:1)
  7 quokkas
  3 bats
  5 frilled lizards (D:1)
  21 goblins
  6 kobolds
  A leopard gecko skeleton (D:4)
  A leopard gecko zombie (D:6)
  A quokka skeleton (D:4)
  5 rats
126 creatures vanquished.

Notes
Turn   | Place    | Note
-------+----------+-------------------------------------------
     0 | D:1      | Error4North the Hill Orc Fighter began the quest for the
                  | Orb.
     0 | D:1      | Reached XP level 1. HP: 19/19 MP: 1/1
   366 | D:1      | Reached XP level 2. HP: 27/27 MP: 2/2
   860 | D:1      | Reached XP level 3. HP: 33/33 MP: 3/3
   951 | D:1      | Reached skill level 3 in Axes
  1341 | D:2      | Identified the cursed +0 helmet of the Slorg {SInv}
  1341 | D:2      | Noticed Robin
  1356 | D:2      | Killed Robin
  1356 | D:2      | Reached XP level 4. HP: 30/40 MP: 4/4
  2335 | D:3      | Reached skill level 4 in Axes
  2346 | D:3      | Reached XP level 5. HP: 28/46 MP: 6/6
  2347 | D:3      | Reached skill level 1 in Spellcasting
  2850 | D:3      | Reached XP level 6. HP: 37/52 MP: 7/7
  3136 | D:3      | Noticed Natasha
  3158 | D:3      | Killed Natasha
  3158 | D:3      | Reached skill level 5 in Axes
  3414 | D:3      | Reached skill level 5 in Armour
  3654 | D:3      | Noticed Natasha
  3657 | D:3      | Killed Natasha
  3763 | D:4      | Found a runed translucent door.
  3764 | D:4      | Noticed Crazy Yiuf
  3774 | D:4      | Killed Crazy Yiuf
  3994 | D:4      | Found a basalt altar of Yredelemnul.
  4134 | D:4      | Found a bloodstained altar of Trog.
  4167 | D:4      | Found a staircase to the Ecumenical Temple.
  4176 | Temple   | Entered the Ecumenical Temple
  4195 | Temple   | Became a worshipper of Warmaster Okawaru
  4476 | D:4      | Reached XP level 7. HP: 27/60 MP: 9/9
  4594 | D:5      | Entered Level 5 of the Dungeon
  4647 | D:5      | Reached skill level 6 in Axes
  5087 | D:5      | Reached skill level 5 in Shields
  5092 | D:5      | HP: 2/60 [centaur (4)]
  5096 | D:5      | Reached skill level 7 in Axes
  5096 | D:5      | Reached XP level 8. HP: 4/67 MP: 11/11
  5991 | D:6      | Reached * piety under Okawaru
  5991 | D:6      | Reached skill level 5 in Fighting
  6536 | D:6      | Noticed Maggie
  6542 | D:6      | Reached ** piety under Okawaru
  6542 | D:6      | Reached skill level 8 in Axes
  6548 | D:6      | Killed from afar by Maggie

Levels and vault maps discovered:
D:1:      grunt_arrival_crossed_arrows, layout_loops_ring
D:2:      layout_basic, first_ration, uniq_robin
D:3:      layout_loops_ring, uniq_natasha
D:4:      layout_basic, overflow_temple_1_default, yredelemnul_altar_generic,
          minmay_temple_entry_glassed_door, uniq_crazy_yiuf_cottage
D:5:      layout_basic
D:6:      layout_rooms, gammafunk_ghost_grave, minmay_misc_feat_roman,
          minmay_ogre_servants, uniq_maggie
Temple:   nicolae_temple_figure_eight

Skill      XL: |  1  2  3  4  5  6  7  8 |
---------------+-------------------------+-----
Fighting       | 4 5 |  5.2
Axes           | 3 4 5 7 8 |  8.0
Armour         | 4 5 6 |  6.6
Spellcasting   | 1 2 |  2.8
Shields        | 4 5 6 |  6.2
Throwing       | |  0.3
Dodging        | |  0.6

Action                   |  1- 3 |  4- 6 |  7- 9 || total
-------------------------+-------+-------+-------++-------
Melee: War axe           |   135 |   210 |   221 ||   566
Throw: Boomerang         |       |       |     4 ||     4
  Use: Potion            |     1 |     3 |     3 ||     7
       Scroll            |       |     1 |       ||     1
  Eat: Chunk             |     2 |     9 |     7 ||    18
Armor: Scale mail        |    24 |       |       ||    24
       Chain mail        |    53 |    92 |       ||   145
       Plate armour      |       |    30 |   114 ||   144
Dodge: Dodged            |    39 |    47 |    35 ||   121
Block: Shield            |    85 |   102 |   117 ||   304

Table legend:
 A = Non-vault XP
 B = Vault XP
 C = Vault XP percentage of total XP
 D = Non-vault monster count
 E = Vault monster count
 F = Vault count percentage of total count
                 A         B        C        D         E       F
            +---------+---------+-------+---------+---------+-------
      Total |    1894 |     249 |  11.6 |     104 |      22 |  17.5
            +---------+---------+-------+---------+---------+-------
        D:1 |      51 |       0 |   0.0 |      24 |       0 |   0.0
        D:2 |      65 |      34 |  34.3 |      17 |      11 |  39.3
        D:3 |     286 |      35 |  10.9 |      24 |       1 |   4.0
        D:4 |     164 |      39 |  19.2 |       8 |       1 |  11.1
        D:5 |     674 |       0 |   0.0 |      21 |       0 |   0.0
        D:6 |     654 |     141 |  17.7 |      10 |       9 |  47.4
            +---------+---------+-------+---------+---------+-------
